 Dungeon Crawl Stone Soup version 0.27.0-1-g7a089689b8 (webtiles) character file.

Game seed: 14999377333352330229

7 Sobieck the Ruffian (level 2, 26/26 HPs)
             Began as a Ghoul Monk on Aug 3, 2021.
             Was a Believer of Sif Muna.
             Safely got out of the dungeon.
             The game lasted 00:01:08 (213 turns).

Sobieck the Ruffian (Ghoul Monk)                     Turns: 213, Time: 00:01:09

Health: 26/26      AC:  6    Str: 14    XL:     2   Next: 4%
Magic:  1/1        EV: 12    Int:  5    God:    Sif Muna [**....]
Gold:   54         SH:  0    Dex: 11    Spells: 1/1 levels left

rFire    . . .     SeeInvis .     - Unarmed
rCold    + . .     Faith    .   (no shield)
rNeg     + + +     Spirit   .   a - +0 robe
rPois    ∞         Reflect  .   (no helmet)
rElec    .         Harm     .   (no cloak)
rCorr    .         Rampage  .   (no gloves)
Will     .....                  (no boots)
Stlth    ++........             (no amulet)
HPRegen  0.08/turn              c - +4 ring of protection
MPRegen  0.07/turn              (no ring)

@: no status effects
A: claws 1, cold resistance 1, negative energy resistance 3, inhibited
regeneration, torment resistance 2
a: Renounce Religion, Channel Magic


You escaped.
You worshipped Sif Muna.
Sif Muna was pleased with you.
You visited 1 branch of the dungeon, and saw 1 of its levels.

You collected 54 gold pieces.


Innate Abilities, Weirdness & Mutations

You thrive by killing the living.
You are immune to poison.
You have sharp fingernails.
Your flesh is cold resistant. (rC+)
You are immune to negative energy. (rN+++)
You do not regenerate when monsters are visible.
You are immune to unholy pain and torment.


   Skills:
 - Level 3.2 Fighting
 - Level 2.6 Dodging
 - Level 2.1 Stealth
 + Level 3.9 Unarmed Combat


You had one spell level left.
You didn't know any spells.
Your spell library was empty.

Inventory:

Missiles
 b - 35 stones (quivered) {throwing}
Armour
 a - a +0 robe (worn)
Jewellery
 c - a +4 ring of protection (left claw)
   (You found it on level 1 of the Dungeon)
Potions
 d - a potion of haste {unknown}

Dungeon Overview and Level Annotations

Branches:
Dungeon (1/15)

Altars:
Sif Muna

### ### #.# ###.#
##'####..##
+...'..### #.
####.@.#### #.
###..'...'..# #.
##..####'####..#
#####.##.### #.#
.#
........#########
#####...##.##.#
##...##.##.###
#............#
#.#..##.##.#.#


There were no monsters in sight!


Message History

🤖 Initializing magus.rc ... ✅ Successfully initialized magus_sobieck.rc [v0.0.2] Welcome, Sobieck the Ghoul Monk.
Will you be the one to retrieve the legendary Orb of Zot from the depths?
Press ? for a list of commands and other information.
Found a staircase leading out of the dungeon.
You open the door.
There is an open door here.
You now have 11 gold pieces.
There is an open door here.
You open the door.
There is an open door here.
There is an open door here.
You open the door. You open the door. You open the door.
There is an open door here.
You now have 21 gold pieces (gained 10).
An endoplasm comes into view.
You see here 7 gold pieces.
Danger!
The endoplasm quivers.
The endoplasm freezes you.
You are frozen.
You resist.
You scratch the endoplasm. The endoplasm hits you.
You scratch the endoplasm. You scratch the endoplasm.
You kill the endoplasm!
You feel better.
You now have 28 gold pieces (gained 7).
You now have 40 gold pieces (gained 12).
b - 22 stones {throwing} A bat comes into view.
Danger!
A bat is nearby!
The helpless bat fails to defend itself.
You claw the bat!
You kill the bat!
No target in view!
No target in view!
Unknown command.
Unknown command.
You now have 54 gold pieces (gained 14).
Found a glowing mace.
Unknown command.
A kobold comes into view. It is wielding a +0 club.
The kobold shouts!
Danger!
An endoplasm comes into view.
The kobold closely misses you.
You closely miss the kobold. The kobold barely misses you.
You scratch the kobold but do no damage.
The kobold hits you with a +0 club.
You scratch the kobold.
You kill the kobold!
A ball python comes into view.
The ball python moves out of view.
You claw the endoplasm!
You kill the endoplasm!
No target in view!
No target in view!
Unknown command.
Things that are here:
a +0 club {mace}; a kobold corpse
c - a +4 ring of protection
c - a +4 ring of protection (left claw)
An endoplasm comes into view.
Danger!
Found 13 stones.
Found a faded altar of an unknown god.
The endoplasm quivers.
The endoplasm barely misses you.
You claw the endoplasm!
You kill the endoplasm!
A ball python comes into view.
You scratch the ball python.
You kill the ball python!
You claw the ball python!
You kill the ball python!
You have reached level 2!
b - 35 stones {throwing} (gained 13)
There is a dry fountain here.
There is a dry fountain here.
d - a yellow potion No target in view!
There is a faded altar of an unknown god here.
You cannot tell which god this altar belongs to.
Convert to them anyway?
Sif Muna accepts your prayer! Sif Muna welcomes you!
You can now call upon Sif Muna for magical energy.
You don't know any spells.
Found a stone staircase leading down.
There is an open door here.
There is a staircase leading out of the dungeon here.
Are you sure you want to leave the Dungeon?
This will make you lose the game! [Y]es or [N]o only, please.
Are you sure you want to leave the Dungeon?
This will make you lose the game!
You have escaped!

Action                   || total
-------------------------++-------
Melee: Unarmed           ||    11
 Stab: Sleeping          ||     1
Dodge: Dodged            ||     3

Levels and vault maps discovered:
D:1:      dpeg_arrival_radiant, layout_loops_ring,
          hellmonk_ecumenical_altar_run_dry

Notes
Turn   | Place    | Note
-------+----------+-------------------------------------------
     0 | D:1      | Sobieck the Ghoul Monk began the quest for the Orb.
     0 | D:1      | Reached XP level 1. HP: 19/19 MP: 0/0
   110 | D:1      | Found a faded altar of an unknown god.
   119 | D:1      | Reached XP level 2. HP: 26/26 MP: 1/1
   164 | D:1      | Became a worshipper of Sif Muna the Loreminder
   164 | D:1      | Reached * piety under Sif Muna
   164 | D:1      | Reached ** piety under Sif Muna
   213 | D:$      | Safely got out of the dungeon.

Vanquished Creatures
  3 endoplasms (D:1)
  2 ball pythons (D:1)
  A bat (D:1)
  A kobold (D:1)
7 creatures vanquished.

Table legend:
 A = Non-vault XP
 B = Vault XP
 C = Vault XP percentage of total XP
 D = Non-vault monster count
 E = Vault monster count
 F = Vault count percentage of total count
                 A         B        C        D         E       F
            +---------+---------+-------+---------+---------+-------
      Total |      11 |       0 |   0.0 |       7 |       0 |   0.0
            +---------+---------+-------+---------+---------+-------
        D:1 |      11 |       0 |   0.0 |       7 |       0 |   0.0
            +---------+---------+-------+---------+---------+-------

Illustrated notes

Table legend:
 A = Kills in this place as a percentage of kills in entire the game.
 B = Kills by you in this place as a percentage of kills by you in the entire game.
 C = Kills by friends in this place as a percentage of kills by friends in the entire game.
 D = Other kills in this place as a percentage of other kills in the entire game.
 E = Experience gained in this place as a percentage of experience gained in the entire game.
 F = Experience gained in this place divided by the number of levels of this place that you have seen.
                   A       B       C       D       E      F
               +-------+-------+-------+-------+-------+----------------------
         Total | 100.0 | 100.0 |   N/A |   N/A | 100.0 |  11.0
       Dungeon | 100.0 | 100.0 |   N/A |   N/A | 100.0 |  11.0
               +-------+-------+-------+-------+-------+----------------------

Table legend: (Time is in decaauts)
 A = Elapsed time spent in this place.
 B = Non-inter-level travel time spent in this place.
 C = Inter-level travel time spent in this place.
 D = Time resting spent in this place.
 E = Time spent auto-exploring this place.
 F = Levels seen in this place.
 G = Mean time per level.
                   A        B        C        D        E       F      G
               +--------+--------+--------+--------+--------+-----+--------+
         Total |    211 |    164 |     47 |      0 |    112 |   1 |  211.0 |
       Dungeon |    211 |    164 |     47 |      0 |    112 |   1 |  211.0 |
               +--------+--------+--------+--------+--------+-----+--------+

Top non-repeatable levels by time:
     D:1: 211 daAuts
